[Event "*** Titled Tuesday Blitz"]
[Site "Chess.com"]
[Date "2021.03.16"]
[Round "9"]
[White "Evgeny81"]
[Black "jfriedel"]
[Result "0-1"]
[WhiteElo "2771"]
[BlackElo "2687"]
[TimeControl "180+1"]
[EndTime "11:44:45 PDT"]
[Termination "jfriedel won on time"]

1. Nf3 Nf6 2. c4 e6 3. g3 d5 4. Bg2 dxc4 5. Qa4+ Nbd7 6. O-O a6 7. Qxc4 b5 8. Qc2 Bb7 9. d4 c5 10. Rd1 Rc8 11.
d5 exd5 12. Bf4 Be7 13. Nh4 g6 14. Bh6 Qb6 15. a4 b4 16. a5 Qe6 17. Nf3 Ng4 18.
Bf4 O-O 19. Nbd2 Qxe2 20. Rf1 Bf6 21. Rae1 Qb5 22. h3 Nxf2 23. Rxf2 Rfe8 24. Ref1 c4 25. Bg5 b3 26. Qc1 Bg7 27. Kh2 Nc5 28. Ne1 Rc7 29. Bf4 Rd7 30. Ndf3 Qxa5 31. h4 Ne4 32. Re2 Qb5 33. Ng5 c3 34. Nxe4 Qxe2 35. Nxc3 Bxc3 36. bxc3 b2 37. Qb1 d4 38. cxd4 Be4 39. Qa2 Qxf1 40.
Bxf1 b1=Q 41. Qa4 Qxe1 42. Qxd7 Qf2+ 43. Kh3 Qxf1+ 0-1

[Event "*** Titled Tuesday Blitz"]
[Site "Chess.com"]
[Date "2021.03.16"]
[Round "9"]
[White "SF-96"]
[Black "Vasily85"]
[Result "1-0"]
[WhiteElo "2599"]
[BlackElo "2444"]
[TimeControl "180+1"]
[EndTime "11:44:46 PDT"]
[Termination "SF-96 won on time"]

1. e4 c5 2. Nf3 e6 3. d4 cxd4 4. Nxd4 Nc6 5. Nc3 Qc7 6. Be3 a6 7. Nxc6 bxc6 8. Bd3 d5 9. O-O Nf6 10. f4 Be7 11. b3 O-O 12. e5 Nd7 13. Na4 c5 14. c4 d4 15. Be4 Bb7 16. Bxb7 Qxb7 17.
Bf2 Qe4 18. Qd2 f5 19. exf6 Bxf6 20. Rae1 Qf5 21. Bg3 Rae8 22. Nb2 h5 23. h3 h4 24. Bh2 Rf7 25. Nd3 Rfe7 26. Qe2 Qg6 27. Qf3 Qf5 28. Re4 Nf8 29. Rfe1 Qg6 30. Qe2 Kf7 31. a3 Nd7 32. b4 cxb4 33. axb4 Kg8 34. Ne5 Bxe5 35. fxe5 Rb8 36.
b5 axb5 37. cxb5 d3 38. Qxd3 Nc5 39. Qd6 Nxe4 40. Qxb8+ Re8 41. Qb7 Ng5 42. Kh1 1-0

[Event "*** Titled Tuesday Blitz"]
[Site "Chess.com"]
[Date "2021.03.16"]
[Round "9"]
[White "esrosenberg"]
[Black "jraosam"]
[Result "0-1"]
[WhiteElo "2199"]
[BlackElo "1904"]
[TimeControl "180+1"]
[EndTime "11:44:47 PDT"]
[Termination "jraosam won on time"]

1. Nf3 d5 2. c4 d4 3. e3 c5 4.
b4 dxe3 5. fxe3 cxb4 6. d4 e6 7. Bd3 Nf6 8. O-O Nbd7 9. Qa4 Qc7 10. Ne5 Bd6 11. Bb2 O-O 12. Nxd7 Bxd7 13. Qc2 Bxh2+ 14.
Kh1 Qg3 15. Qf2 Ng4 16. Qxg3 Bxg3 17. Rf3 Nf2+ 18. Rxf2 Bxf2 19. Nd2 Bxe3 20. Nf1 Bf4 21.
g3 Bc6+ 22. Kh2 Bc7 23. Ne3 Rfd8 24. Rd1 Bb6 25. Bc2 e5 26. c5 exd4 27. Bxd4 Bc7 28. Bb3 Rd7 29. Nf5 Rad8 30. Rf1 Rxd4 31. Nxd4 Rxd4 32.
Bxf7+ Kh8 33. Bb3 h5 34. Rf8+ Kh7 35. Bc2+ Be4 36. Bxe4+ Rxe4 37. Rf7 Re2+ 38. Kh3 Be5 39. Rxb7 a5 40. c6 Rxa2 41. Re7 Bd6 42. Rd7 Be5 43. Re7 Rc2 44. Rxe5 Rxc6 45. Rxh5+ Rh6 46. Rxh6+ Kxh6 47. Kg2 a4 48. Kf2 b3 49. Ke2 a3 50.
Kd2 b2 51. Kc2 a2 52. Kxb2 Kg5 53. Kxa2 Kg4 54. Kb2 Kxg3 55. Kc2 Kf2 56. Kd3 g5 57. Ke4 g4 58. Kf4 g3 59. Kg4 g2 60. Kh3 g1=Q 61. Kh4 Kf3 62. Kh5 Qg3 63. Kh6 Qg4 0-1

[Event "*** Titled Tuesday Blitz"]
[Site "Chess.com"]
[Date "2021.03.16"]
[Round "9"]
[White "GMaka"]
[Black "Susal_De_Silva"]
[Result "1-0"]
[WhiteElo "2485"]
[BlackElo "2623"]
[TimeControl "180+1"]
[EndTime "11:44:48 PDT"]
[Termination "GMaka won by resignation"]

1. d4 Nf6 2. Bg5 e6 3. e4 h6 4. Bxf6 Qxf6 5. Nc3 d6 6. Qd2 a6 7. f4 g6 8. Nf3 Bg7 9. g4 b6 10. e5 Qd8 11. Bg2 Bb7 12. h4 h5 13. g5 Nc6 14.
Ne4 Ne7 15. Nf6+ Bxf6 16. gxf6 Nf5 17. c3 Qd7 18. Ng5 O-O-O 19. O-O-O Bxg2 20. Qxg2 d5 21. Qe2 Kb7 22. Rh3 c5 23. Kb1 Ka7 24. dxc5 bxc5 25. c4 d4 26. Qe4 Rb8 27. Rdd3 Rb4 28. Rb3 Rxc4 29. Qd3 Ra4 30. Ra3 c4 31. Qe4 Rb4 32.
Nxf7 Qxf7 33. Rxa6+ Kb8 34. Ra8+ Kc7 35. Ra7+ Kb6 36. Rxf7 Rb8 37. Re7 d3 38. Rxe6+ Ka5 39. Qd5+ R4b5 40. Qxc4 Rxb2+ 41. Kc1 Rb1+ 42. Kd2 R8b2+ 43.
Kxd3 Rd1+ 44. Kc3 Rc1+ 45. Kxb2 Rxc4 46. f7 Rb4+ 47. Kc3 1-0

[Event "*** Titled Tuesday Blitz"]
[Site "Chess.com"]
[Date "2021.03.16"]
[Round "9"]
[White "profofchess"]
[Black "DvaHrasta"]
[Result "1-0"]
[WhiteElo "2447"]
[BlackElo "2514"]
[TimeControl "180+1"]
[EndTime "11:44:49 PDT"]
[Termination "profofchess won on time"]

1. e4 c6 2. Nf3 d5 3. Nc3 Nf6 4. e5 Ne4 5. d4 Bg4 6. Bd3 Nxc3 7.
bxc3 e6 8. Rb1 b5 9. a4 bxa4 10. Ra1 a3 11. Bxa3 Bxa3 12. Rxa3 O-O 13. h3 Bxf3 14.
Qxf3 a5 15. O-O Nd7 16. Rfa1 c5 17.
Bb5 cxd4 18. cxd4 f6 19. Qg4 f5 20. Qe2 Rf7 21. c4 dxc4 22. Bxc4 Re7 23. d5 Nb6 24. d6 Re8 25. Bb5 Rf8 26. Qa2 Nd5 27. Bc4 Nb4 28.
Bxe6+ Kh8 29. Qc4 f4 30. Bd5 Rc8 31. Qe4 Nc2 32. Rxa5 Nxa1 33. Rxa1 f3 34. g3 Rb8 35.
Bc4 Rb2 36. Bd3 g6 37. Qd4 Qb6 38. Qxb6 Rxb6 39. Bc4 Re8 40. d7 Rd8 41. e6 Rbb8 42.
Rd1 1-0

[Event "*** Titled Tuesday Blitz"]
[Site "Chess.com"]
[Date "2021.03.16"]
[Round "9"]
[White "Supernotar"]
[Black "SchmakAttack"]
[Result "0-1"]
[WhiteElo "2707"]
[BlackElo "2598"]
[TimeControl "180+1"]
[EndTime "11:44:50 PDT"]
[Termination "SchmakAttack won by checkmate"]

1. d4 Nf6 2. c4 e6 3. Nf3 d5 4.
e3 a6 5. Nbd2 dxc4 6. Bxc4 b5 7.
Bd3 c5 8. a4 b4 9. Qe2 Bb7 10.
O-O Nbd7 11. b3 Be7 12. Nc4 O-O 13. Bb2 cxd4 14. Nxd4 Nc5 15. Bc2 Nfe4 16. Rfd1 Qc7 17. Rac1 Rfd8 18. f3 Nc3 19. Bxc3 bxc3 20. a5 Bf6 21. Nb6 Rab8 22. b4 Nd7 23. Qd3 Nxb6 24.
Qxh7+ Kf8 25. axb6 Qxb6 26. Kh1 Ke7 27. Qd3 Rbc8 28.
Ba4 Qxb4 29. Rb1 Qxa4 30. Rxb7+ Kf8 31. f4 Kg8 32. h3 c2 33. Rc1 Bxd4 34. exd4 Rxd4 35.
Qe3 Rd1+ 36. Kh2 Rxc1 37. Qxc1 Qd4 38. Ra7 Qxa7 39. Qxc2 Rxc2 40. Kg3 Qb8 41. Kg4 Qb4 42. Kh5 Rc5+ 43. f5 Rxf5# 0-1

[Event "*** Titled Tuesday Blitz"]
[Site "Chess.com"]
[Date "2021.03.16"]
[Round "9"]
[White "ARTHURMOTIVATOR"]
[Black "IMAghasiyevKamal"]
[Result "1-0"]
[WhiteElo "2393"]
[BlackElo "2491"]
[TimeControl "180+1"]
[EndTime "11:44:50 PDT"]
[Termination "ARTHURMOTIVATOR won by resignation"]

1. e4 e5 2. Nc3 Nf6 3. g3 Bc5 4.
Bg2 d6 5. Nge2 a6 6. O-O Nc6 7. d3 Bg4 8. h3 Be6 9. Nd5 Bxd5 10. exd5 Ne7 11. c4 O-O 12. Kh2 Ng6 13. f4 exf4 14. Nxf4 Re8 15. d4 Bb6 16. Nxg6 fxg6 17. Bg5 Qe7 18.
b4 Qe2 19. c5 Qxd1 20. Raxd1 Ba7 21. Bxf6 gxf6 22. Rxf6 Rf8 23. Rdf1 Kg7 24. R6f2 b6 25. Rxf8 Rxf8 26. Rc1 bxc5 27. dxc5 Rf2 28. cxd6 cxd6 29. Rc7+ Rf7 30. Rc6 a5 31. b5 Bc5 32.
Ra6 Bb4 33. a3 Bxa3 34. Rxa5 Bc5 35. Ra6 Rf2 36. g4 Kf6 37. Rc6 Rb2 38. b6 h5 39.
gxh5 gxh5 40. Kg3 Kf5 41. Bf3 Bf2+ 42. Kg2 Bxb6+ 43. Kh1 Bc5 44. Bxh5 Kf4 45. Rc8 Kg3 46. Rg8+ Kxh3 47. Bg4+ Kg3 48. Be6+ Kf2 49. Rg2+ Ke3 50. Rxb2 1-0

[Event "*** Titled Tuesday Blitz"]
[Site "Chess.com"]
[Date "2021.03.16"]
[Round "9"]
[White "nurgyulsalimova"]
[Black "Gabix_94"]
[Result "0-1"]
[WhiteElo "2645"]
[BlackElo "2819"]
[TimeControl "180+1"]
[EndTime "11:44:51 PDT"]
[Termination "Gabix_94 won by resignation"]

1. d4 d5 2. Nf3 Nf6 3. c4 e6 4. g3 dxc4 5. Bg2 Bd7 6. O-O Bc6 7. Qc2 Nbd7 8. Qxc4 Bd5 9. Qd3 Be4 10. Qd2 c5 11. Nc3 Bc6 12. Rd1 Rc8 13. a3 Be7 14. dxc5 Bxc5 15.
b4 Bb6 16. Bb2 O-O 17. Rac1 a6 18. e3 Qe7 19. Qe2 Rfd8 20. Nd4 Bxg2 21. Kxg2 Ne5 22. Na4 Ba7 23. Nb3 Rxc1 24. Bxc1 h6 25. Nac5 b6 26. Na4 Qb7+ 27. f3 Rxd1 28. Qxd1 Qc6 29. Nd4 Qd5 30. Nc3 Qc4 31. Nce2 b5 32. Bd2 Nd5 33. Qc2 g5 34. Qe4 Bb8 35. h4 f5 36. Qb1 g4 37. fxg4 Nxg4 38.
Qg1 Ba7 39. Kh3 e5 40. Nxf5 Qxe2 41. Bc1 Nf2+ 42. Kg2 Nd3+ 43. Kh3 h5 44. e4 Qxe4 45. Qxa7 Qxf5+ 46. Kh2 Qf2+ 47. Qxf2 Nxf2 48. Be3 Nxe3 0-1

[Event "*** Titled Tuesday Blitz"]
[Site "Chess.com"]
[Date "2021.03.16"]
[Round "9"]
[White "anon132639"]
[Black "Zhigalko_Sergei"]
[Result "1-0"]
[WhiteElo "2768"]
[BlackElo "2920"]
[TimeControl "180+1"]
[EndTime "11:44:52 PDT"]
[Termination "anon132639 won on time"]

1. d4 Nf6 2. Nf3 e6 3. Bf4 b6 4. e3 Bb7 5. Nbd2 Nh5 6. Bg5 Be7 7.
Bxe7 Qxe7 8. Bd3 f5 9. O-O O-O 10. c4 d6 11. Qc2 Nd7 12. b4 Rf6 13. Rfe1 Raf8 14. e4 Nf4 15. d5 Rg6 16. g3 Nh3+ 17. Kg2 Nf4+ 18. Kg1 Nxd3 19. Qxd3 f4 20. Kg2 e5 21. a4 Bc8 22. a5 Nf6 23. axb6 axb6 24. Nh4 Qd7 25. Nxg6 Qh3+ 26. Kg1 Ng4 27. Ne7+ Kf7 28.
Nf3 Kxe7 29. Ra7 Kd8 30. c5 fxg3 31. fxg3 Rxf3 32. Qxf3 Qxh2+ 33. Kf1 Nf6 34. Ra8 dxc5 35. bxc5 bxc5 36. Qf5 Nd7 37. Qg5+ Nf6 38. Qxg7 Qh1+ 39. Kf2 Qh2+ 40. Ke3 1-0

[Event "*** Titled Tuesday Blitz"]
[Site "Chess.com"]
[Date "2021.03.16"]
[Round "9"]
[White "Storne89"]
[Black "1977Ivan"]
[Result "0-1"]
[WhiteElo "2638"]
[BlackElo "2812"]
[TimeControl "180+1"]
[EndTime "11:44:52 PDT"]
[Termination "1977Ivan won on time"]

1. d4 Nf6 2. Nf3 g6 3. Nbd2 Bg7 4. e4 d6 5. Bb5+ c6 6. Bd3 Qc7 7. O-O O-O 8. c3 Nh5 9. Nc4 b5 10. Ne3 a6 11. a4 Bb7 12. Re1 Nd7 13. b3 Nf4 14.
Bf1 e5 15. Ba3 Rfd8 16. Qc2 Nf6 17. Rad1 Ne6 18. g3 h6 19. Bh3 Ng5 20. Nxg5 hxg5 21. Ng4 Nxg4 22. Bxg4 c5 23. d5 Bc8 24. Bxc8 Qxc8 25. Bc1 g4 26. Rf1 f5 27. f3 Rf8 28.
fxg4 fxg4 29. Be3 Qd7 30. a5 Rf3 31. Rxf3 gxf3 32. b4 c4 33. Qf2 Rf8 34. Bg5 Rf7 35. Re1 Qg4 36. h4 Kh7 37. Kh2 Bh6 38. Bxh6 Kxh6 39.
Re3 Kh5 40. Re1 g5 41. Rh1 gxh4 42. Kg1 h3 43. Kh2 Kg6 44. Re1 Qg5 45. Re3 Qxe3 46. Qxe3 f2 0-1

[Event "*** Titled Tuesday Blitz"]
[Site "Chess.com"]
[Date "2021.03.16"]
[Round "9"]
[White "iturrizaga"]
[Black "Sharpchess22"]
[Result "1-0"]
[WhiteElo "2855"]
[BlackElo "2732"]
[TimeControl "180+1"]
[EndTime "11:44:54 PDT"]
[Termination "iturrizaga won by resignation"]

1. d4 Nf6 2. Nf3 g6 3. g3 Bg7 4. Bg2 O-O 5. O-O d6 6. c4 Nc6 7. Nc3 e5 8. dxe5 dxe5 9. Bg5 Be6 10. Qa4 Qc8 11. Nd2 Bd7 12. Bxf6 Bxf6 13. Nde4 Bd8 14. Nc5 Be8 15. b4 a6 16. Rad1 Nd4 17. Qa3 c6 18. e3 Ne6 19. N3e4 Nxc5 20. bxc5 Qe6 21. Qb4 Rb8 22.
Rd6 Qf5 23. g4 Qc8 24. g5 Be7 25. Rfd1 Bxd6 26. cxd6 Bd7 27. Nf6+ Kg7 28. c5 Bf5 29. Qh4 h5 30. gxh6+ Kh8 31. Qg5 e4 32. Rd4 Qe6 33. Bxe4 Rbd8 34. h4 Qe5 35. Bxf5 Qxf5 36. Qxf5 gxf5 37.
a4 a5 38. Kg2 Rb8 39. Kf3 Rfd8 40. d7 b6 41. cxb6 Rxb6 42. Rd6 Ra6 43. Kf4 Rb6 44. Kxf5 Ra6 45. e4 Rb6 46. f4 Ra6 47. e5 Rb6 48. e6 fxe6+ 49. Kxe6 Ra6 50. Ke7 Raa8 51. Rd1 Rab8 52.
Rg1 Ra8 53. Rg7 1-0

[Event "*** Titled Tuesday Blitz"]
[Site "Chess.com"]
[Date "2021.03.16"]
[Round "9"]
[White "Frolyanov_D"]
[Black "Jumbo"]
[Result "0-1"]
[WhiteElo "2679"]
[BlackElo "2830"]
[TimeControl "180+1"]
[EndTime "11:44:56 PDT"]
[Termination "Jumbo won by resignation"]

1. e4 e5 2. Bc4 Nf6 3. d3 c6 4.
Nf3 Be7 5. O-O Qc7 6. Nbd2 O-O 7.
Re1 d5 8. Bb3 Bd6 9. Nf1 h6 10.
Ng3 a5 11. c3 Be6 12. Bc2 Nbd7 13. d4 dxe4 14. Bxe4 Rad8 15. Bc2 Rfe8 16. Bd2 Bg4 17. h3 Bxf3 18. Qxf3 exd4 19. Rxe8+ Rxe8 20. Nf5 dxc3 21. Bxc3 Be5 22. Bd2 h5 23. Rd1 Nc5 24. Bg5 Nce4 25. Bc1 g6 26. Ne3 b5 27. Kh1 Nc5 28. Qe2 Ne6 29. Qf3 Nd4 30. Rxd4 Bxd4 31. g4 hxg4 32. hxg4 Kg7 33. Kg2 Nd5 34. Nxd5 cxd5 35. Qxd5 Qc5 36. Qxc5 Bxc5 37. Bd3 b4 38. b3 Re1 39. Bb2+ Kg8 40.
Bc4 Rd1 41. f4 Rd2+ 0-1

[Event "*** Titled Tuesday Blitz"]
[Site "Chess.com"]
[Date "2021.03.16"]
[Round "9"]
[White "Dyadya81"]
[Black "CSB7"]
[Result "0-1"]
[WhiteElo "2723"]
[BlackElo "2621"]
[TimeControl "180+1"]
[EndTime "11:45:00 PDT"]
[Termination "CSB7 won by resignation"]

1. e4 e6 2. d4 d5 3. Nc3 Nf6 4. Bg5 dxe4 5. Nxe4 Be7 6. Nxf6+ Bxf6 7. Bxf6 Qxf6 8. Nf3 c5 9. c3 cxd4 10. Bb5+ Bd7 11.
Bxd7+ Nxd7 12. Qxd4 Qxd4 13. Nxd4 Ke7 14. O-O-O Rhd8 15.
Rhe1 g6 16. Nb3 Rac8 17. Rd4 Nc5 18. Nxc5 Rxc5 19. Rxd8 Kxd8 20. Kc2 Ke7 21. b4 Rf5 22. Re2 h5 23. a4 h4 24. h3 Rg5 25. f3 Kd6 26. a5 b6 27. axb6 axb6 28. c4 Rg3 29. Kb3 Kc6 30. Kc3 Kd6 31. Rd2+ Kc6 32.
b5+ Kc7 33. Ra2 f5 34. Ra7+ Kb8 35. Re7 Rxg2 36. Rxe6 Kc7 37. Rxb6 Kxb6 38. Kb4 Rg3 39. c5+ Kc7 40. Ka5 Rxf3 41. b6+ Kc6 42. b7 Kxb7 43.
Kb5 Kc7 44. c6 Rxh3 45. Kc5 g5 46. Kd5 g4 47. Ke5 g3 48. Kxf5 g2 49. Kg4 Rh1 50. Kf3 g1=Q 51. Kf4 Qg2 0-1

[Event "*** Titled Tuesday Blitz"]
[Site "Chess.com"]
[Date "2021.03.16"]
[Round "9"]
[White "UCantHandleDenker"]
[Black "MartinMatthiesen"]
[Result "1-0"]
[WhiteElo "2516"]
[BlackElo "2390"]
[TimeControl "180+1"]
[EndTime "11:45:01 PDT"]
[Termination "UCantHandleDenker won by resignation"]

1. Nf3 d5 2. g3 g6 3. Bg2 Bg7 4. O-O e5 5. d3 Ne7 6. Nbd2 O-O 7. e4 Nbc6 8. c3 h6 9. b4 a6 10. Qc2 Be6 11. Bb2 Qd7 12. Rfe1 Rad8 13. a3 f5 14. exd5 Bxd5 15. c4 Bxf3 16. Nxf3 Qxd3 17.
Qxd3 Rxd3 18. Nxe5 Nxe5 19. Bxe5 Nc6 20. Bxc6 bxc6 21. Bxg7 Kxg7 22. Re5 f4 23. Ra5 f3 24.
h3 h5 25. Rxa6 Rfd8 26. g4 h4 27. Rxc6 Rd1+ 28. Rxd1 Rxd1+ 29. Kh2 Rf1 30. Rxc7+ Kf6 31. Rc8 Rxf2+ 32. Kg1 Rg2+ 33. Kf1 Ke5 34. Rf8 Ke4 35. c5 Rc2 36. a4 Ke3 37. Re8+ Kf4 38. Rf8+ Kg3 39.
Ke1 f2+ 40. Kd1 Rb2 41. b5 Rb4 42. Rxf2 Kxf2 43. c6 Rc4 44. a5 Rc5 45. b6 Rxc6 46. b7 Rd6+ 47. Kc2 Rd8 48. a6 Kg3 49. a7 Kxh3 50.
b8=Q 1-0

[Event "*** Titled Tuesday Blitz"]
[Site "Chess.com"]
[Date "2021.03.16"]
[Round "9"]
[White "DrMamaliga"]
[Black "bait_or_mate"]
[Result "1/2-1/2"]
[WhiteElo "2394"]
[BlackElo "2501"]
[TimeControl "180+1"]
[EndTime "11:45:01 PDT"]
[Termination "Game drawn by agreement"]

1. c4 e5 2. Nc3 Nc6 3. Nf3 g6 4.
e3 Bg7 5. d4 exd4 6. exd4 Nge7 7. d5 Ne5 8. Nxe5 Bxe5 9. Bd3 O-O 10. O-O d6 11. Qc2 Bf5 12. b3 Qd7 13. Bb2 Rfe8 14.
Rae1 a6 15. Bxf5 Nxf5 16. Ne4 Qe7 17. f4 Bd4+ 18. Bxd4 Nxd4 19. Qc3 f5 20. Nxd6 Ne2+ 21.
Rxe2 Qxe2 22. Nxe8 Rxe8 23. a4 Qe3+ 24. Qxe3 Rxe3 25.
Rf3 Re2 26. Rd3 Kf7 27. d6 cxd6 28. Rxd6 Ke8 29. Rb6 Re7 30. b4 Kd8 31. c5 Kc7 32.
Rf6 Re4 33. Rf7+ Kc6 34. Rf6+ Kc7 35. b5 axb5 36. axb5 Rxf4 37. b6+ Kc8 38. Rf8+ Kd7 39. Rf7+ Kc6 40. Rc7+ Kd5 41. Rxh7 Kxc5 42. Rxb7 Kc6 43. Rb8 g5 44. Rg8 g4 45. Rg6+ Kb7 46. h4 gxh3 47. gxh3 Rh4 48. Kg2 f4 49. Rf6 Ka6 50. Kf3 Rxh3+ 51.
Kxf4 1/2-1/2

[Event "*** Titled Tuesday Blitz"]
[Site "Chess.com"]
[Date "2021.03.16"]
[Round "9"]
[White "Playgood28"]
[Black "NishaOnYoutube"]
[Result "1-0"]
[WhiteElo "2279"]
[BlackElo "2138"]
[TimeControl "180+1"]
[EndTime "11:45:04 PDT"]
[Termination "Playgood28 won on time"]

1. d4 f5 2. Nf3 Nf6 3. g3 g6 4. Bg2 Bg7 5. O-O O-O 6. c4 d6 7. Nc3 Nc6 8. d5 Na5 9. Qd3 c5 10. dxc6 Nxc6 11. a3 Ng4 12. Rd1 Nge5 13. Nxe5 Nxe5 14. Qd5+ e6 15. Qxd6 Qxd6 16. Rxd6 Nxc4 17. Rd1 Kf7 18. e4 Rb8 19. Rb1 Nxa3 20. Ra1 Bxc3 21.
bxc3 Nb5 22. Bb2 a6 23. c4 Na7 24. Be5 Ra8 25. Rxa6 bxa6 26. exf5 Nc6 27. Bxc6 Ra7 28. f6 a5 29. Ra1 Rd8 30. g4 Bd7 31. Rd1 Bxc6 32.
Rxd8 a4 33. g5 a3 34. Rc8 Be8 35. Rc7+ Rxc7 36. Bxc7 a2 37. Be5 Bc6 38. Kf1 Bb7 39.
Ke1 Ba6 40. c5 Bb5 41. Kd2 Ba4 42. Kd3 Bb5+ 43. Kc2 Bc6 44. Kb3 Bd5+ 45. Kb4 Ke8 46. Kb5 Kf7 47. Kb6 Bf3 48. c6 1-0

[Event "*** Titled Tuesday Blitz"]
[Site "Chess.com"]
[Date "2021.03.16"]
[Round "9"]
[White "ChristopherYoo"]
[Black "Konavets"]
[Result "0-1"]
[WhiteElo "2903"]
[BlackElo "2955"]
[TimeControl "180+1"]
[EndTime "11:45:07 PDT"]
[Termination "Konavets won by resignation"]

1. c4 e5 2. g3 Nf6 3. Bg2 d5 4. cxd5 Nxd5 5. Nf3 Nc6 6. O-O Nb6 7. b3 Be7 8. Bb2 f6 9. Na3 Be6 10. Nc2 O-O 11.
e4 Qd3 12. Re1 Rfd8 13. Bf1 Qd7 14. d4 exd4 15. Ncxd4 Nxd4 16. Nxd4 Bb4 17. Re3 c5 18. Nxe6 Qxd1 19. Rxd1 Rxd1 20. a3 Be1 21. Nxc5 Rad8 22.
Bc3 Bxc3 23. Rxc3 Ra1 24. Kg2 Rdd1 25. Be2 Rg1+ 26. Kf3 Rgc1 27. Rxc1 Rxc1 28. Nxb7 Rc3+ 29. Kf4 Rxb3 30. a4 Kf8 31. a5 Nd7 32. a6 Ne5 33. Nc5 Rc3 34. Ne6+ Kf7 35. Nd4 Rc5 36. Nb5 Nc6 37. Nd6+ Kf8 38. h4 Rc2 39. Ke3 Ra2 40.
Bc4 Ra3+ 41. Ke2 Nd4+ 42. Kf1 Ra1+ 43. Kg2 Nc6 44. Nc8 g6 45. g4 Nb4 46. Nxa7 Nxa6 47. Nc6 Nc5 48. f3 Rc1 49. Na5 Rc2+ 50. Kg3 g5 51.
hxg5 fxg5 52. e5 h6 53. Nc6 Rxc4 0-1

[Event "*** Titled Tuesday Blitz"]
[Site "Chess.com"]
[Date "2021.03.16"]
[Round "9"]
[White "ckgchess"]
[Black "xberli"]
[Result "1-0"]
[WhiteElo "2760"]
[BlackElo "2609"]
[TimeControl "180+1"]
[EndTime "11:45:07 PDT"]
[Termination "ckgchess won by checkmate"]

1. e4 c5 2. c3 Nf6 3. e5 Nd5 4. d4 cxd4 5. Qxd4 e6 6. Nf3 Nc6 7. Qe4 d6 8. Nbd2 dxe5 9. Nxe5 Nxe5 10. Qxe5 Bd7 11. Ne4 Qc7 12. Qxc7 Nxc7 13. Bf4 Nd5 14. Nd6+ Ke7 15. Bg3 Bc6 16. O-O-O Rd8 17. c4 Nf6 18. c5 Ne4 19. b4 Nxg3 20. hxg3 g6 21. f3 Bg7 22.
Bd3 Be5 23. Nc4 Bxg3 24. Be4 Bxe4 25. fxe4 Bf4+ 26. Kc2 b5 27. cxb6 axb6 28. Nxb6 Rb8 29. Rd7+ Kf6 30. Rf1 g5 31. Rd6 Kg6 32. Rc6 Rhd8 33.
a4 Rd2+ 34. Kb3 Rxg2 35. a5 h5 36. a6 Be5 37. a7 Rb2+ 38. Ka3 Rd8 39. a8=Q Rxa8+ 40.
Nxa8 h4 41. Nb6 h3 42. Nc4 Re2 43. Nxe5+ Kh5 44. Rxf7 Re3+ 45. Ka4 Kh4 46. Rxe6 Kg3 47. Rg6 Rxe4 48. Rxg5+ Kh4 49. Nf3# 1-0

[Event "*** Titled Tuesday Blitz"]
[Site "Chess.com"]
[Date "2021.03.16"]
[Round "9"]
[White "Unknown_IM"]
[Black "NoGuru"]
[Result "1-0"]
[WhiteElo "2406"]
[BlackElo "2285"]
[TimeControl "180+1"]
[EndTime "11:45:07 PDT"]
[Termination "Unknown_IM won on time"]

1. e4 c6 2. d4 d5 3. exd5 cxd5 4. Bd3 Nf6 5. h3 Nc6 6. c3 e5 7. dxe5 Nxe5 8. Nf3 Bd6 9. O-O O-O 10. Bg5 Nxd3 11.
Qxd3 h6 12. Bxf6 Qxf6 13. Qxd5 Bd7 14. Nbd2 Bc6 15. Qh5 Rfe8 16. Rfe1 Bf4 17. Qg4 g6 18. Nb3 Kg7 19. Nbd4 Bd5 20. Nh4 Bg5 21. Nhf3 Bf4 22. Rxe8 Rxe8 23. Qd7 Rd8 24. Qa4 Bb8 25. Re1 Qf4 26. Qa5 b6 27. Qb5 h5 28. Qf1 g5 29.
g3 Qf6 30. Qd3 h4 31. Qe3 hxg3 32. Qxg5+ Qxg5 33. Nxg5 gxf2+ 34. Kxf2 Bd6 35. Ngf3 Bc5 36. Rg1+ Kf8 37. Rg5 Bxa2 38. h4 Be7 39. Rg4 Bb1 40. h5 Rd6 41. Kg3 Rh6 42. Ne5 Rxh5 43. Nec6 Bd6+ 44. Kf2 Rh2+ 45. Rg2 Rxg2+ 46. Kxg2 1-0

[Event "*** Titled Tuesday Blitz"]
[Site "Chess.com"]
[Date "2021.03.16"]
[Round "9"]
[White "CrazyMartian"]
[Black "Shuvalov"]
[Result "1/2-1/2"]
[WhiteElo "2273"]
[BlackElo "2481"]
[TimeControl "180+1"]
[EndTime "11:45:08 PDT"]
[Termination "Game drawn by repetition"]

1. d4 Nf6 2. c4 g6 3. Nc3 d5 4.
cxd5 Nxd5 5. e4 Nxc3 6. bxc3 Bg7 7. Be3 c5 8. Rc1 cxd4 9. cxd4 O-O 10. Nf3 b6 11.
Qd2 Bb7 12. Bd3 Nd7 13. O-O Nf6 14. Qc2 Rc8 15. Qb1 Qd7 16. h3 Qa4 17. Ne5 Ba6 18. Bxa6 Qxa6 19. f3 b5 20. Qb3 Qb7 21. Rxc8 Qxc8 22.
Qxb5 Qc2 23. Rf2 Qd1+ 24. Qf1 Qa4 25. Qc1 Nd7 26. Nxd7 Qxd7 27. d5 e6 28. Rd2 Rc8 29. Qd1 exd5 30. Rxd5 Qe7 31. Rd7 Qe8 32. Bxa7 Bb2 33.
Kh2 Qe5+ 34. g3 Kg7 35. Bd4 Bxd4 36. Qxd4 Rc2+ 37. Kg1 Qxd4+ 38. Rxd4 Rxa2 39. g4 g5 40. Rd5 h6 41. Rf5 Kg6 42. Rd5 Kf6 43. Rf5+ Ke6 44.
Rd5 f6 45. Rf5 Rd2 46. Rb5 Rc2 47. Ra5 Rd2 48. Rb5 Rc2 49. Ra5 Rb2 50. Rc5 Ra2 51.
Rb5 Rc2 1/2-1/2

[Event "*** Titled Tuesday Blitz"]
[Site "Chess.com"]
[Date "2021.03.16"]
[Round "9"]
[White "canary2016"]
[Black "abeljusto"]
[Result "1-0"]
[WhiteElo "2014"]
[BlackElo "2140"]
[TimeControl "180+1"]
[EndTime "11:45:08 PDT"]
[Termination "canary2016 won on time"]

1. d4 Nf6 2. c4 c5 3. d5 b5 4.
e3 g6 5. cxb5 Bg7 6. Nc3 O-O 7.
Nf3 a6 8. Bd3 Qa5 9. O-O axb5 10. Bxb5 Bb7 11. Bc4 d6 12. Qb3 Ba6 13. Bd2 Bxc4 14.
Qxc4 Na6 15. Ne4 Qb6 16. Bc3 Rfb8 17. h3 Qb7 18. Nfd2 Nxd5 19. Bxg7 Kxg7 20. Nb3 Nac7 21.
Rfd1 Qb4 22. Qc2 c4 23. Nd4 Qxb2 24. Qxc4 Rb4 25. Qc2 Qxc2 26. Nxc2 Rb2 27. Rdc1 Raxa2 28. Rxa2 Rxa2 29. Nd4 f5 30. Nc3 Nxc3 31. Rxc3 Nd5 32. Rc8 Kf6 33. Rh8 h5 34. Rd8 Ke5 35. Rc8 Ra1+ 36.
Kh2 Ra2 37. Rg8 Rxf2 38. Rxg6 Nf6 39. Nf3+ Ke4 40. Rg5 Kxe3 41. Rxf5 d5 42. Rxh5 d4 43. Ra5 d3 44. Ra3 Ke4 45. Ng5+ Kf5 46. Nf3 d2 47. Rd3 Ne4 48. Rd8 e5 49. Nh4+ Ke6 50. Nf3 Nc3 51. Rxd2 1-0

[Event "*** Titled Tuesday Blitz"]
[Site "Chess.com"]
[Date "2021.03.16"]
[Round "9"]
[White "GameOverBro"]
[Black "organdzievhren"]
[Result "1-0"]
[WhiteElo "2524"]
[BlackElo "2423"]
[TimeControl "180+1"]
[EndTime "11:45:09 PDT"]
[Termination "GameOverBro won on time"]

1. e4 e6 2. d4 d5 3. Nd2 dxe4 4. Nxe4 Bd7 5. Nf3 Bc6 6. Bd3 Nd7 7. O-O Be7 8. Ned2 Ngf6 9. Nc4 O-O 10. Qe2 Bxf3 11. Qxf3 c6 12. Rd1 b5 13. Ne5 Nxe5 14. dxe5 Nd5 15.
c4 bxc4 16. Bxc4 Qb8 17. Qe4 Rd8 18. Re1 a5 19. b3 a4 20. Bb2 Qb6 21. Rac1 Bc5 22.
Qc2 Bd4 23. Bxd4 Qxd4 24. bxa4 Qg4 25. Re4 Qg6 26. Bd3 Qg5 27. Rce1 g6 28. g3 Ne7 29. h4 Qh6 30. Rf4 Nd5 31. Rc4 Nb6 32. Rxc6 Nxa4 33. Be4 Ra5 34. Bf3 Qd2 35. Re2 Qd4 36. Rc8 Ra8 37.
Rxa8 Rxa8 38. Bxa8 Nc3 39. Re3 Nb5 40. Bf3 Qa1+ 41.
Kg2 Nd4 42. Qd3 Nf5 43. Re4 Qxa2 44. Rf4 Kg7 45. h5 g5 46. Rxf5 exf5 47. Qxf5 h6 48. Qf6+ Kg8 49. Be4 Qd2 50. Bf5 1-0

[Event "*** Titled Tuesday Blitz"]
[Site "Chess.com"]
[Date "2021.03.16"]
[Round "9"]
[White "zmeeed67"]
[Black "AttackSparrow"]
[Result "1-0"]
[WhiteElo "2439"]
[BlackElo "2502"]
[TimeControl "180+1"]
[EndTime "11:45:09 PDT"]
[Termination "zmeeed67 won by checkmate"]

1. d4 Nf6 2. c4 g6 3. Nc3 d5 4. Bf4 Bg7 5. e3 O-O 6. cxd5 Nxd5 7. Nxd5 Qxd5 8. Bxc7 Nc6 9. Ne2 Bg4 10. f3 Rac8 11. Nc3 Qe6 12. Bf4 Nxd4 13. fxg4 f5 14. Be2 Nxe2 15. Qxe2 Rxc3 16. bxc3 Bxc3+ 17. Kf2 Bxa1 18. Rxa1 fxg4 19. Kg1 g5 20. Bg3 h5 21. Rf1 Rxf1+ 22.
Kxf1 h4 23. Be1 Qf5+ 24. Qf2 Qd3+ 25. Kg1 Qb1 26. Qd2 Kh7 27. Kf1 Qf5+ 28. Ke2 h3 29.
Qd3 Qxd3+ 30. Kxd3 hxg2 31. Bf2 Kg6 32. Ke2 Kf5 33. Bg1 g3 34. Kf3 gxh2 35. Bxh2 g4+ 36.
Kxg2 Ke4 37. Bf4 a5 38. Kg3 Kf5 39. Bc7 a4 40. Bb6 e6 41. Kh4 e5 42. a3 Ke4 43.
Kxg4 Kd5 44. Kf5 Kc6 45. Bd8 Kd5 46. Bf6 Kd6 47. Bxe5+ Kd5 48. Bg7 b5 49. Bf8 Kc4 50. Bb4 Kd5 51. e4+ Kc6 52. e5 Kd5 53. e6 Kc4 54. e7 Kb3 55. e8=Q Kc2 56. Qxb5 Kb3 57. Qa5 Kc4 58. Qxa4 Kd5 59. Qb3+ Kc6 60. Qc4+ Kb6 61.
Qc5+ Ka6 62. Qc6+ Ka7 63. Bc5+ Kb8 64. Qd7 Ka8 65. Qa7# 1-0